 Dungeon Crawl Stone Soup version 0.31-a0-182-gc5ef74bbde (webtiles) character file.

Game seed: 4437928265052659030

384 qw the Chopper (level 6, -2/38 HPs)
             Began as a Gargoyle Fighter on June 20, 2023.
             Was an Initiate of Okawaru.
             Slain by a gnoll
             ... wielding a +0 spear
              (6 damage)
             ... on level 4 of the Dungeon.
             The game lasted 00:01:48 (3193 turns).

qw the Chopper (Gargoyle Fighter)                   Turns: 3193, Time: 00:01:48

Health: -2/38      AC: 18    Str: 22    XL:     6   Next: 77%
Magic:  6/6        EV:  8    Int:  5    God:    Okawaru [......]
Gold:   124        SH:  4    Dex: 12    Spells: 5/5 levels left

rFire   . . .        Y - +0 war axe
rCold   . . .        c - +0 buckler
rNeg    + . .        a - +0 chain mail
rPois   inf          (no helmet)
rElec   +            (no cloak)
rCorr   +            n - +0 pair of gloves
SInv    .            (no boots)
Will    .....        (no amulet) Stlth
                     b - ring of Qidwuw {rCorr AC+4 Int-3 Dex+3 Slay+2}
HPRegen 0.26/turn    (no ring)
MPRegen 0.10/turn

%: no passive effects
@: no status effects
A: sickness immunity, AC +4, negative energy resistance 1, electricity
resistance, torment resistance 1, petrification resistance
a: Renounce Religion


You were on level 4 of the Dungeon.
You worshipped Okawaru.
Okawaru was noncommittal.
You visited 2 branches of the dungeon, and saw 5 of its levels.

You collected 124 gold pieces.


Innate Abilities, Weirdness & Mutations

You are immune to sickness and miasma.
Your stone body is resilient. (AC +4)
You are immune to poison.
You resist negative energy. (rN+)
You are resistant to electric shocks. (rElec)
You are resistant to unholy torment.
You are immune to petrification.


   Skills:
 - Level 4.0 Fighting
 + Level 5.9 Axes
 - Level 3.2 Armour
 - Level 1.0 Dodging
 - Level 3.2 Shields


You had 5 spell levels left.
You didn't know any spells.
Your spell library was empty.

Inventory:

Hand Weapons
 k - a +3 morningstar
 Y - a +0 war axe (weapon)
Armour
 a - a +0 chain mail (worn)
 c - a +0 buckler (worn)
 n - a +0 pair of gloves (worn)
Jewellery
 b - the ring of Qidwuw (left hand) {rCorr AC+4 Int-3 Dex+3 Slay+2}
   (You acquired it on level 2 of the Dungeon)

   [ring of protection]

   AC:        It affects your AC (+4).
   Int:       It affects your intelligence (-3).
   Dex:       It affects your dexterity (+3).
   Slay:      It affects your accuracy & damage with ranged weapons and melee
   (+2).
   rCorr:     It protects you from acid and corrosion.
 l - a ring of fire
Scrolls
 e - 2 scrolls of identify
 i - a scroll of immolation {unknown}
Potions
 d - 2 potions of might
 f - a potion of invisibility {unknown}
 g - a potion of mutation {unknown}
 j - a potion of curing
 m - a potion of ambrosia {unknown}
 o - a potion of attraction {unknown}

Dungeon Overview and Level Annotations

Branches:
Dungeon (4/15)             Temple (1/1) D:4

Altars:
Ashenzari
Cheibriados
Elyvilon
Fedhas
Gozag
Hepliaklqana
Makhleb
Okawaru
Qazlal
Trog
Uskayaw
Vehumet
Wu Jian
Xom
Yredelemnul
The Shining One

Shops:
D:4 =


Message History

The wight hits you with a +2 battleaxe. The wight hits you but does no damage.
You slash the wight!
You destroy the wight!
Okawaru accepts your kill.
You hit the wight but do no damage. You hit the wight.
The wight hits you but does no damage. You block the wight's attack.
You barely miss the wight.
The wight is severely damaged.
You barely miss the wight.
The wight hits you with a +0 dire flail!
The wight barely misses you.
3188 ||| READING scroll of teleportation.
As you read the scroll of teleportation, it crumbles to dust.
You feel strangely unstable.
The wight hits you but does no damage. x2
You slash the wight!
You destroy the wight!
Okawaru accepts your kill.
You completely miss the wight. The wight hits you but does no damage.
You closely miss the wight.
The wight is moderately damaged.
The wight hits you with a +0 war axe. The wight hits you but does no damage.
You hit the wight but do no damage.
The wight is moderately damaged.
The wight hits you with a +0 war axe.
You hit the wight.
The wight is moderately damaged.
Your surroundings suddenly seem different. 2 gnolls come into view.
The gnoll shouts!
You hear a shout! x2
The gnoll hits you but does no damage.
Enter note:
Enter note:
Enter note:
Enter note: You slash the gnoll!
The gnoll is almost dead.
The gnoll hits you with a +0 spear.
You die...

# ###
#.#..
g#.##
...
#g#
#@#
#.#
#.#
#.#
#.#
#.#
#.#
#.#


You could see 2 gnolls.

Vanquished Creatures
  3 wights (D:4)
  Jessica (D:3)
  An orc wizard (D:4)
  4 gnolls
  6 adders
  2 dart slugs
  3 orcs (D:4)
  13 ball pythons
  9 bats
  9 endoplasms
  A giant cockroach (D:2)
  8 goblins
  5 hobgoblins
  4 jackals (D:2)
  7 kobolds
  2 quokkas (D:1)
  4 frilled lizards
  7 rats
89 creatures vanquished.

Notes
Turn   | Place    | Note
-------+----------+-------------------------------------------
     0 | D:1      | qw the Gargoyle Fighter began the quest for the Orb.
     0 | D:1      | Reached XP level 1. HP: 14/14 MP: 1/1
     0 | D:1      | 0 ||| qw: Version: 0.3-a-9-g12657ce
     0 | D:1      | 0 ||| qw: Game counter: 1402
     0 | D:1      | 0 ||| qw: Always use a shield: true
     0 | D:1      | 0 ||| qw: God list: Okawaru
     0 | D:1      | 0 ||| qw: Allow faded altars: false
     0 | D:1      | 0 ||| qw: Do Orc after D:15 true
     0 | D:1      | 0 ||| qw: Do second Lair branch before Depths: true
     0 | D:1      | 0 ||| qw: Lair rune preference: random
     0 | D:1      | 0 ||| qw: Plans: Normal, Zot:1-4, Slime:5, God:TSO, Crypt,
                  | Tomb, Abyss, Pan, Hells, Win
     0 | D:1      | 0 ||| PLANNING D:1-11
    26 | D:1      | Reached skill level 2 in Axes
   126 | D:1      | Reached XP level 2. HP: 19/19 MP: 2/2
   217 | D:1      | 217 ||| Stepping ~*~*~tactically~*~*~ (hiding).
   432 | D:1      | 432 ||| FLEEEEING.
   476 | D:1      | Reached skill level 3 in Axes
   476 | D:1      | Reached XP level 3. HP: 18/23 MP: 3/3
  1239 | D:1      | 1239 ||| READING scroll labelled WOUCIG TOPE.
  1240 | D:1      | 1240 ||| READING 3 scrolls labelled NIOS ENNOA.
  1241 | D:1      | 1241 ||| READING scroll labelled UTHINA EMMO.
  1256 | D:1      | 1256 ||| DROPPING 2 scrolls of poison.
  1428 | D:2      | Reached XP level 4. HP: 28/28 MP: 4/4
  1437 | D:2      | Reached skill level 4 in Axes
  1511 | D:2      | 1511 ||| DROPPING +0 club.
  1639 | D:2      | Found a faded altar of an unknown god.
  1654 | D:2      | 1654 ||| Stepping ~*~*~tactically~*~*~ (stealth).
  1871 | D:2      | 1871 ||| Stepping ~*~*~tactically~*~*~ (stealth).
  1872 | D:2      | 1872 ||| Stepping ~*~*~tactically~*~*~ (stealth).
  1878 | D:2      | Reached XP level 5. HP: 32/32 MP: 5/5
  1980 | D:2      | 1980 ||| UPGRADING to +0 chain mail.
  1990 | D:2      | 1990 ||| DROPPING +0 scale mail.
  1991 | D:2      | 1991 ||| UPGRADING to +0 pair of gloves.
  1996 | D:2      | 1996 ||| READING 2 scrolls labelled UVOFUC MIOGH.
  1997 | D:2      | 1997 ||| READING scroll labelled KILOAPO XANN.
  1998 | D:2      | 1998 ||| READING scroll labelled CEARAOS ROIL FUUZ.
  1998 | D:2      | Identified a scroll of acquirement
  1998 | D:2      | 1998 ||| ACQUIRING ring of Qidwuw {rCorr AC+4 Int-3 Dex+3
                  | Slay+2}
  1998 | D:2      | Acquired the ring of Qidwuw {rCorr AC+4 Int-3 Dex+3 Slay+2}
  2000 | D:2      | 2000 ||| UPGRADING to ring of Qidwuw {rCorr AC+4 Int-3
                  | Dex+3 Slay+2}.
  2001 | D:2      | 2001 ||| READING scroll labelled YNUMNI WONAHI.
  2002 | D:2      | 2002 ||| READING scroll labelled JIW SYSEVEWIN.
  2003 | D:2      | 2003 ||| READING scroll labelled QIXOTE TAYBB.
  2151 | D:3      | Noticed Jessica
  2156 | D:3      | Killed Jessica
  2253 | D:3      | Found a hide-covered altar of Uskayaw.
  2275 | D:3      | Reached skill level 5 in Axes
  2730 | D:3      | 2730 ||| DROPPING +0 whip.
  2731 | D:3      | 2731 ||| DROPPING +1 whip of draining.
  2847 | D:3      | 2847 ||| READING scroll labelled PUINKU COFRI.
  2852 | D:3      | 2852 ||| DRINKING 2 fizzy coppery potions.
  2871 | D:4      | 2871 ||| Stepping ~*~*~tactically~*~*~ (hiding).
  2872 | D:4      | 2872 ||| Stepping ~*~*~tactically~*~*~ (hiding).
  2873 | D:4      | 2873 ||| Stepping ~*~*~tactically~*~*~ (hiding).
  2875 | D:4      | 2875 ||| Stepping ~*~*~tactically~*~*~ (hiding).
  2878 | D:4      | Reached skill level 1 in Dodging
  2897 | D:4      | Found a staircase to the Ecumenical Temple.
  2898 | D:4      | 2898 ||| PLANNING TEMPLE
  2899 | D:4      | 2899 ||| Stepping ~*~*~tactically~*~*~ (stealth).
  2908 | Temple   | Entered the Ecumenical Temple
  2909 | Temple   | 2909 ||| PLANNING OKAWARU WORSHIP
  2915 | Temple   | Became a worshipper of Warmaster Okawaru
  2916 | Temple   | 2916 ||| PLANNING D:1-11
  3026 | D:4      | 3026 ||| Stepping ~*~*~tactically~*~*~ (stealth).
  3027 | D:4      | 3027 ||| Stepping ~*~*~tactically~*~*~ (stealth).
  3033 | D:4      | 3033 ||| Stepping ~*~*~tactically~*~*~ (hiding).
  3040 | D:4      | 3040 ||| DRINKING 3 potions of curing.
  3040 | D:4      | 3040 ||| (to cure confusion)
  3044 | D:4      | 3044 ||| DRINKING 2 potions of curing.
  3044 | D:4      | 3044 ||| (to cure confusion)
  3046 | D:4      | Reached XP level 6. HP: 38/38 MP: 6/6
  3126 | D:4      | Found Besuu's Jewellery Boutique.
  3136 | D:4      | 3136 ||| SHOPLISTING +6 ring of dexterity (504 gold, have
                  | 109).
  3136 | D:4      | 3136 ||| SHOPLISTING amulet of guardian spirit (420 gold,
                  | have 109).
  3136 | D:4      | 3136 ||| SHOPLISTING ring of Xom's Amusement {rPois rC+
                  | rN+} (534 gold, have 109).
  3136 | D:4      | 3136 ||| SHOPLISTING ring of Yddur {rF+ Str+3 Int-4 Dex+2
                  | SInv} (435 gold, have 109).
  3136 | D:4      | 3136 ||| SHOPLISTING ring of ice (350 gold, have 109).
  3136 | D:4      | 3136 ||| SHOPLISTING ring of protection from fire (350
                  | gold, have 109).
  3153 | D:4      | 3153 ||| DROPPING +0 flail.
  3187 | D:4      | HP: 7/38 [wight/+0 dire flail (9)]
  3188 | D:4      | 3188 ||| READING scroll of teleportation.
  3191 | D:4      | HP: 3/38 [wight/+0 war axe (4)]
  3193 | D:4      | Slain by a gnoll

Levels and vault maps discovered:
D:1:      erik_arrival_orb_chamber, layout_basic, nicolae_hexahallways,
          minmay_tromino_v4_b
D:2:      layout_rooms, shapermc_ecumenical_altar_totnotflames,
          nicolae_figureground_sparkle
D:3:      layout_basic, old_standard_altar, uniq_jessica
D:4:      layout_basic, nicolae_dithmenos_through_a_glass_darkly,
          minmay_temple_entry_ruins, serial_shops, shop
Temple:   nicolae_temple_no_exploring_needed

Skill      XL: |  1  2  3  4  5 |
---------------+----------------+-----
Axes           | 2 3 4 5 |  5.9
Dodging        | 1 |  1.0
Fighting       | 4 |  4.0
Armour         | |  3.2
Shields        | |  3.2

Action                     |  1- 3 |  4- 6 || total
---------------------------+-------+-------++-------
  Melee: War axe           |   124 |   127 ||   251
    Use: Scroll            |     3 |     8 ||    11
         Potion            |       |     3 ||     3
 Armour: Scale mail        |    75 |    15 ||    90
         Chain mail        |       |    46 ||    46
  Dodge: Dodged            |    62 |    50 ||   112
  Block: Buckler           |    23 |    27 ||    50

Table legend:
 A = Non-vault XP
 B = Vault XP
 C = Vault XP percentage of total XP
 D = Non-vault monster count
 E = Vault monster count
 F = Vault count percentage of total count
                 A         B        C        D         E       F
            +---------+---------+-------+---------+---------+-------
      Total |     512 |      37 |   6.7 |      88 |       1 |   1.1
            +---------+---------+-------+---------+---------+-------
        D:1 |      65 |       0 |   0.0 |      31 |       0 |   0.0
        D:2 |     104 |       0 |   0.0 |      24 |       0 |   0.0
        D:3 |      48 |      37 |  43.5 |      17 |       1 |   5.6
        D:4 |     295 |       0 |   0.0 |      16 |       0 |   0.0
            +---------+---------+-------+---------+---------+-------
